 Dungeon Crawl Stone Soup version 0.28-a0-1510-gd0f6b136d3 (webtiles) character file.

Game seed: 2612499221583651174

26 croobank the Insei (level 3, -2/26 HPs)
             Began as a Human Transmuter on Jan 14, 2022.
             Succumbed to an adder's poison
             ... on level 2 of the Dungeon.
             The game lasted 00:02:38 (1058 turns).

croobank the Insei (Human Transmuter)               Turns: 1058, Time: 00:02:39

Health: -2/26      AC:  5    Str: 12    XL:     3   Next: 22%
Magic:  6/6        EV: 11    Int: 13    God:
Gold:   83         SH:  0    Dex: 13    Spells: 3/6 levels left

rFire   . . .      SeeInvis .   e - +0 hand axe
rCold   . . .      Faith    .   (no shield)
rNeg    . . .      Spirit   .   b - +0 ring mail
rPois   .          Reflect  .   (helmet currently unavailable)
rElec   .          Harm     .   (no cloak)
rCorr   .          Rampage  .   (no gloves)
Will    .....                   (boots currently unavailable)
Stlth   +.........              (no amulet)
HPRegen 0.08/turn               (no ring)
MPRegen 0.10/turn               (no ring)

@: lethally poisoned (-2 -> -16), appendages (expiring)
A: horns 2, talons 2
a: End Transformation


You were on level 2 of the Dungeon.
You had temporarily grown beastly horns and talons.
You visited 1 branch of the dungeon, and saw 2 of its levels.

You collected 83 gold pieces.

Inventory:

Hand Weapons
 d - a +0 dagger
 e - a +0 hand axe (weapon)
Missiles
 c - 33 stones
 i - 22 bolts
Armour
 a - a +0 robe
 b - a +0 ring mail (worn)
 l - a +0 pair of boots (melded)
Scrolls
 g - 2 scrolls of identify {unknown}
Potions
 h - a potion of degeneration {unknown}
 j - a potion of cancellation {unknown}
 k - a potion of curing {unknown}


   Skills:
 + Level 1.4 Fighting
 + Level 2.3 Dodging
 + Level 3.2 Unarmed Combat
 + Level 2.3 Spellcasting
 + Level 2.3 Transmutations


You had 3 spell levels left.
You knew the following spells:

 Your Spells              Type           Power      Damage    Failure   Level
a - Beastly Appendage     Tmut           14%        N/A       22%         1
b - Wereblood             Tmut           7%         N/A       32%         2

Your spell library contained the following spells:

 Spells                   Type           Power      Damage    Failure   Level
 Spider Form              Tmut/Pois      4%         N/A       71%         3
 Ice Form                 Ice/Tmut       4%         N/A       98%         4


Dungeon Overview and Level Annotations

Branches:
Dungeon (2/15)

Altars:
Xom


Innate Abilities, Weirdness & Mutations

You have temporarily grown beastly horns and talons.


Message History

Found 13 sling bullets.
An adder comes into view.
A worm and a frilled lizard come into view.
Found 21 sling bullets.
The adder hisses angrily.
The frilled lizard hisses angrily.
The worm moves out of view.
Casting: Beastly Appendage (safe; 22% risk of failure)
Confirm with . or Enter, or press ? or * to list all spells.
You grow a pair of large bovine horns.
Your feet morph into talons.
Your +0 pair of boots melds into your body.
Your transformation is almost over.
The adder bites you.
You are poisoned.
The adder poisons you! The adder bites you.
You are more poisoned.
The adder poisons you!
You miss the adder. Your headbutt misses the adder.
You feel very sick. The adder closely misses you.
You hit the adder. Your kick misses the adder. Your headbutt misses the adder.
The adder is heavily wounded.
You feel very sick. The adder bites you.
You are lethally poisoned!
The adder poisons you! The adder bites you.
You barely miss the adder.
The adder is heavily wounded.
* * * LOW HITPOINT WARNING * * *
You feel very sick. The adder barely misses you.
The adder bites you but does no damage.
You miss the adder. Your kick misses the adder. Your headbutt misses the adder.
The adder is heavily wounded.
* * * LOW HITPOINT WARNING * * *
You feel very sick. The adder bites you.
* * * LOW HITPOINT WARNING * * *
You are more poisoned.
The adder poisons you!
It was a potion of magic.
Magic courses through your body.
You die...

##.## ##(..# # ..... #.
... .. #.# #.#. ##.##
#...w#...####
#lS@.....##
+....#...##..#
+.......####.##########
##..##### #...........
#. #.####†####. #
#.#..'.'..#.
#.#..#.#..#.
#.##'#.##'#.
#...........


You could see a worm, an adder and a frilled lizard.

Vanquished Creatures
  An adder (D:2)
  An endoplasm (D:2)
  2 hobgoblins (D:1)
  A quokka (D:2)
  A ball python (D:2)
  4 bats
  A frilled lizard (D:1)
  3 goblins
  A kobold (D:1)
  2 rats (D:1)
17 creatures vanquished.

Notes
Turn   | Place    | Note
-------+----------+-------------------------------------------
     0 | D:1      | croobank the Human Transmuter began the quest for the Orb.
     0 | D:1      | Reached XP level 1. HP: 15/15 MP: 3/3
   183 | D:1      | Reached XP level 2. HP: 21/21 MP: 3/5
   240 | D:1      | Learned a level 2 spell: Wereblood
   432 | D:1      | Found a faded altar of an unknown god.
   804 | D:2      | Found a shimmering altar of Xom.
   894 | D:2      | Reached XP level 3. HP: 16/26 MP: 4/6
  1057 | D:2      | HP: 1/26 [adder (1)]
  1058 | D:2      | Succumbed to an adder's poison

Illustrated notes

Levels and vault maps discovered:
D:1:      wander_arrival_estate, layout_basic, shapermc_ecumenical_altar_ellora
D:2:      minmay_door_path, layout_loops_ring, basic_altar, serial_shops, shop,
          kennysheep_big_empty_room, minmay_crystal_room

Action                   || total
-------------------------++-------
Melee: Unarmed           ||     7
       Hand axe          ||    26
       Kick              ||     7
       Headbutt          ||     5
       Punch             ||     1
 Cast: Beastly Appendage ||    13
  Use: Potion            ||     1
Armor: Ring mail         ||    21
       Robe              ||     5
Dodge: Dodged            ||    25

Table legend: (Time is in decaauts)
 A = Elapsed time spent in this place.
 B = Non-inter-level travel time spent in this place.
 C = Inter-level travel time spent in this place.
 D = Time resting spent in this place.
 E = Time spent auto-exploring this place.
 F = Levels seen in this place.
 G = Mean time per level.
                   A        B        C        D        E       F      G
               +--------+--------+--------+--------+--------+-----+--------+
         Total |   1064 |   1047 |     17 |      0 |    838 |   2 |  532.0 |
       Dungeon |   1064 |   1047 |     17 |      0 |    838 |   2 |  532.0 |
               +--------+--------+--------+--------+--------+-----+--------+

Top non-repeatable levels by time:
     D:1: 801 daAuts
     D:2: 263 daAuts
